 Dungeon Crawl Stone Soup version 0.18-a0-1789-gbeff17f (webtiles) character file.

960 barb4r1an the Ruffian (level 7, -3/72 HPs)
             Began as a Troll Berserker on Apr 21, 2016.
             Was a Priest of Trog.
             Killed from afar by an electric eel (8 damage)
             ... with a bolt of electricity
             ... on level 6 of the Dungeon.
             The game lasted 00:06:02 (4390 turns).

barb4r1an the Ruffian (Troll Berserker)             Turns: 4390, Time: 00:06:03

Health: -3/72      AC:  6    Str: 26    XL:     7   Next: 92%
Magic:  6/6        EV: 11    Int:  3    God:    Trog [***...]
Gold:   244        SH:  0    Dex: 11    Spells: 0 memorised, 6 levels left

rFire  . . .     SeeInvis .       - Unarmed
rCold  . . .     Gourm    +     a - +0 animal skin
rNeg   . . .     Faith    .     (no shield)
rPois  .         Spirit   .     (helmet restricted)
rElec  .         Dismiss  .     q - +0 cloak
rCorr  .         Reflect  .     (gloves unavailable)
SustAt .         Harm     .     (boots unavailable)
MR     ++...                    (no amulet)
Stlth  +.........               (no ring)
                                (no ring)

@: lethally poisoned (-3 -> -4), exhausted, regenerating, slowed, very slow,
very resistant to hostile enchantments, very unstealthy
A: unfitting armour, claws 3, fast metabolism 3, gourmand, regeneration 2,
shaggy fur 1, tough skin 2
a: Berserk, Trog's Hand, Burn Spellbooks, Renounce Religion


You were on level 6 of the Dungeon.
You worshipped Trog.
Trog was most pleased with you.
You were not hungry.

You visited 1 branch of the dungeon, and saw 6 of its levels.

You collected 244 gold pieces.

Inventory:

Armour
 a - a +0 animal skin (worn)
 q - a +0 cloak (worn)
Jewellery
 l - a +3 amulet of reflection {unknown}
Wands
 t - a wand of paralysis (11/24)
Scrolls
 e - 2 scrolls of fear {unknown}
 h - 3 scrolls of remove curse {unknown}
 j - 4 scrolls of identify {unknown}
 k - 3 scrolls of teleportation {unknown}
 r - a scroll of amnesia {unknown}
 u - 2 scrolls of blinking {unknown}
 v - 3 scrolls of enchant armour {unknown}
 x - a scroll of summoning {unknown}
Potions
 c - a potion of brilliance {unknown}
 f - 2 potions of curing {unknown}
 g - a potion of degeneration {unknown}
 i - 2 potions of might {unknown}
 m - 3 potions of flight {unknown}
 o - 2 potions of ambrosia {unknown}
 p - a potion of magic {unknown}
 s - a potion of mutation {unknown}
 z - a potion of agility
Books
 y - a Fen Folio

   Spells                             Type                      Level
   a - Corpse Rot                     Necromancy                   2
   b - Stone Arrow                    Conjuration/Earth            3
   c - Leda's Liquefaction            Hexes/Earth                  4
   d - Summon Forest                  Summoning/Translocation      5
   e - Hydra Form                     Transmutation                6
   f - Summon Hydra                   Summoning                    7
   Trog disapproves of the use of such an item.
Comestibles
 b - 4 bread rations
 d - 5 meat rations
 n - 2 slices of pizza
 w - 2 beef jerkies


   Skills:
 + Level 5.0 Fighting
 + Level 4.8 Dodging
 + Level 6.1 Unarmed Combat


You had 6 spell levels left.
You didn't know any spells.

Dungeon Overview and Level Annotations

Branches:
Dungeon (6/15)             Temple (0/1) D:5

Altars:
Ashenzari
Elyvilon
Fedhas
Kikubaaqudgha
Okawaru
Qazlal
Ru
The Shining One


Innate Abilities, Weirdness & Mutations

You are too large for most types of armour.
You have claws for hands.
Your metabolism is lightning-fast.
You like to eat raw meat.
You heal very quickly.
You are covered in fur (AC +1).
You have very tough skin (AC +2).


Message History

The orc priest looks braver for a moment.
You barely miss the orc. The orc hits you with a flail.
* * * LOW HITPOINT WARNING * * *
An electric eel comes into view.
You claw the orc!
You kill the orc!
Trog accepts your kill.
You feel the effects of Trog's Hand fading.
You feel sick.
You feel sick. The orc priest barely misses you.
Items here: ))) [ †††† You mangle the orc priest!!
You kill the orc priest!
Trog accepts your kill.
You are no longer berserk.
You are exhausted.
You feel yourself slow down.
The electric eel shoots out a bolt of lightning at you!
The bolt of electricity hits you!
You die...

≈≈≈≈ ≈≈≈...... #≈
#≈≈# #≈≈...... #≈≈
#≈≈# #≈≈..(...
#≈≈#+#≈≈#+#≈≈......
##.≈≈≈≈≈≈≈≈≈≈.......
....≈≈≈≈≈≈≈;........
.......o........#
.........###)#..#
.........# #@#..#
.........# #.#..#
.........# #....#
.........#
##...####+#####
_........#
#...#........#
....#.....
#...#.......<#
...........
#...#........#
⌠.._.......
##..........(#
..?.........
#...........#


You could see an electric eel.

Vanquished Creatures
  Sigmund (D:5)
  A water moccasin (D:6)
  An ice beast (D:5)
  2 ogres
  A scorpion (D:4)
  2 hounds
  3 orc wizards
  An orc priest (D:6)
  An iguana (D:5)
  A worker ant (D:5)
  6 adders
  An adder zombie (D:5)
  An adder skeleton (D:4)
  4 worms (D:3)
  2 dart slugs (D:2)
  2 giant geckos (D:3)
  13 orcs
  A ball python (D:2)
  5 giant cockroaches
  10 goblins
  6 hobgoblins
  5 jackals
  7 kobolds
  2 quokkas
  A ball python skeleton (D:5)
  6 bats
  2 giant gecko skeletons (D:5)
  A giant gecko zombie (D:5)
  5 giant newts
  2 rats
  A butterfly (D:5)
97 creatures vanquished.

Notes
Turn   | Place    | Note
--------------------------------------------------------------
     0 | D:1      | barb4r1an the Troll Berserker began the quest for the Orb.
     0 | D:1      | Reached XP level 1. HP: 22/22 MP: 0/0
   393 | D:1      | Reached XP level 2. HP: 29/29 MP: 1/1
   757 | D:1      | Reached XP level 3. HP: 36/36 MP: 2/2
   895 | D:1      | Reached ** piety under Trog
  1467 | D:2      | Found a sacrificial altar of Ru.
  1884 | D:3      | Reached XP level 4. HP: 37/45 MP: 3/3
  2168 | D:3      | Reached *** piety under Trog
  2171 | D:3      | Found a blossoming altar of Fedhas.
  2215 | D:3      | Found a shattered altar of Ashenzari.
  2295 | D:3      | Noticed an ogre
  2302 | D:3      | Killed an ogre
  2302 | D:3      | Reached skill level 4 in Unarmed Combat
  2302 | D:3      | Reached XP level 5. HP: 53/53 MP: 4/4
  3064 | D:4      | Reached XP level 6. HP: 52/62 MP: 5/5
  3347 | D:5      | Entered Level 5 of the Dungeon
  3481 | D:5      | Reached skill level 5 in Unarmed Combat
  3508 | D:5      | Found a glowing golden altar of the Shining One.
  3631 | D:5      | Noticed Sigmund
  3656 | D:5      | Killed Sigmund
  3656 | D:5      | Reached XP level 7. HP: 71/71 MP: 6/6
  3664 | D:5      | Found an iron altar of Okawaru.
  3763 | D:5      | Found a staircase to the Ecumenical Temple.
  3827 | D:5      | Found a stormy altar of Qazlal.
  4348 | D:6      | Found a white marble altar of Elyvilon.
  4348 | D:6      | Found an ancient bone altar of Kikubaaqudgha.
  4378 | D:6      | Reached skill level 5 in Fighting
  4378 | D:6      | Reached skill level 6 in Unarmed Combat
  4387 | D:6      | HP: 4/108 [orc/flail (4)]
  4390 | D:6      | Killed from afar by an electric eel

Vault maps used:
D:1:      dpeg_arrival_circle_labyrinth_c, hangedman_decor_clover_reticule,
          minivault_27
D:2:      nicolae_ru_path_of_blood
D:3:      nicolae_overflow_crystal_walls, minmay_misc_feat_roman, fedhas_altar_2
D:4:      st_stairs_3, kennysheep_boxes
D:5:      tso_altar, okawaru_metal_pillars_1_2, minmay_temple_entry_butterflies,
          first_bread, nicolae_qazlal_eye_of_the_storm, uniq_sigmund
D:6:      grunt_temple_overflow_open, water_boxes_lemuel

Skill      XL: |  1  2  3  4  5  6  7 |
---------------+----------------------+-----
Fighting       | 3 4 5 |  5.0
Dodging        | 3 4 |  4.8
Unarmed Combat | 4 5 6 |  6.1

Action                   |  1- 3 |  4- 6 |  7- 9 || total
-------------------------+-------+-------+-------++-------
Melee: Unarmed           |   131 |   138 |    61 ||   330
       Punch             |     2 |     3 |     1 ||     6
Invok: Berserk           |       |     2 |     1 ||     3
       Trog's Hand       |       |       |     1 ||     1
 Stab: Sleeping          |     2 |     3 |       ||     5
       Distracted        |     1 |       |       ||     1
  Eat: Chunk             |    17 |    16 |       ||    33
       Bread ration      |       |     1 |     1 ||     2
Armor: Animal skin       |    45 |    32 |    23 ||   100
Dodge: Dodged            |    70 |    46 |    20 ||   136
